Map: Proxima Station LE

Players

Lambo - Winner!

  • Race: Zerg Zerg
  • Spawn Location: 1:00

Cloudy

  • Race: Protoss Protoss
  • Spawn Location: 7:00

Event: WCS Valencia 2017

VOD

Have the link to the VOD?

Description

Time

  • Played on: July 13, 2017, 1:29 p.m.
  • Length: 8:04

All games in this series

Show
View Real Time Build Order
Export as new Build Order

Lambo Zerg - Winner!

Build Orders: Hatch First 

Get SALT Encoding   

  12  0:00  Drone  
  13  0:12  Overlord  
  13  0:17  Drone  
  14  0:31  Drone x2  
  14  0:34  Drone  
  17  0:52  Hatchery  
  17  0:54  Drone  
  17  0:58  Drone  
  18  1:08  Extractor  
  17  1:13  Spawning Pool  
  17  1:16  Drone  
  17  1:19  Drone  
  18  1:28  Drone  
  19  1:39  Overlord  
  19  1:49  Drone  
  20  1:59  Queen  
  20  2:01  Zergling x2  
  23  2:03  Queen  
  23  2:04  Zergling x2  
  23  2:08  Metabolic Boost  
  26  2:12  Drone  
  27  2:16  Drone  
  28  2:24  Drone  
  28  2:29  Drone  
  30  2:36  Hatchery  
  29  2:41  Drone  
  30  2:45  Queen  
  30  2:47  Drone  
  33  2:52  Overlord  
  33  2:55  Drone  
  34  2:59  Drone  
  34  3:00  Drone  
  36  3:12  Drone x2  
  38  3:16  Drone x2, Overlord  
  38  3:17  Overlord  
  40  3:24  Drone x3  
  42  3:35  Drone  
  42  3:37  Drone  
  44  3:42  Queen  
  44  3:45  Spore Crawler  
  44  3:47  Spore Crawler, Drone  
  44  3:48  Drone x3  
  48  3:53  Spore Crawler, Drone x2  
  49  3:58  Zergling x4  
  49  3:59  Drone  
  49  4:02  Drone x2  
  54  4:07  Drone  
  54  4:11  Lair  
  54  4:14  Drone x2  
  56  4:20  Queen  
  56  4:22  Drone x3  
  61  4:25  Overlord  
  61  4:27  Drone  
  62  4:31  Evolution Chamber, Zergling x2  
  62  4:32  Zergling x2  
  62  4:35  Zergling x4  
  64  4:42  Zergling x2  
  64  4:44  Zergling x4  
  67  4:49  Extractor  
  67  4:50  Overlord  
  66  4:53  Overlord  
  66  4:59  Zergling x4  
  65  5:01  Drone x5  
  65  5:05  Zergling x4  
  67  5:13  Drone x2  
  67  5:14  Drone x2  
  71  5:19  Drone x2  
  69  5:22  Hydralisk Den  
  64  5:28  Drone  
  64  5:29  Drone x5  
  64  5:31  Zerg Missile Weapons Level 1  
  64  5:32  Extractor  
  64  5:33  Queen  
  64  5:35  Drone  
  72  5:40  Drone  
  72  5:41  Drone  
  74  5:42  Extractor  
  74  5:43  Extractor  
  74  5:44  Drone x3  
  74  5:48  Overlord  
  74  5:49  Drone  
  76  5:51  Muscular Augments  
  76  5:54  Drone x4  
  80  6:02  Overlord x2  
  80  6:11  Drone  
  80  6:17  Hatchery, Overlord x3  
  80  6:23  Overlord  
  80  6:25  Spore Crawler  
  79  6:27  Hydralisk x8  
  95  6:33  Hydralisk  
  95  6:39  Hydralisk x2  
  101  6:43  Hydralisk  
  101  6:44  Hydralisk  
  106  6:48  Hydralisk  
  106  6:49  Overlord  
  106  6:50  Zergling x6  
  106  6:54  Hydralisk, Zergling x4  
  110  6:55  Zergling x4  
  110  6:56  Hydralisk  
  114  7:06  Hydralisk x2  
  118  7:13  Zergling x8  
  122  7:19  Hydralisk, Zergling x8  
  122  7:20  Zergling x2  
  129  7:24  Overlord  
  129  7:25  Overlord x2  
  129  7:29  Overlord  
  129  7:32  Overlord  
  129  7:34  Hydralisk x2  
  128  7:39  Hydralisk x3  
  128  7:46  Zergling x8  
Show
View Real Time Build Order
Export as new Build Order

Cloudy Protoss 

Build Orders: 1 Gate Expand, Oracle Opening 

Get SALT Encoding   

  12  0:01  Probe (Chrono Boost)  
  13  0:12  Probe (Chrono Boost)  
  14  0:17  Pylon  
  14  0:22  Probe (Chrono Boost)  
  16  0:35  Probe (Chrono Boost)  
  16  0:37  Gateway  
  16  0:46  Probe (Chrono Boost)  
  16  0:49  Assimilator  
  17  0:56  Probe (Chrono Boost)  
  18  1:07  Probe (Chrono Boost)  
  19  1:22  Nexus  
  19  1:32  Cybernetics Core  
  19  1:34  Probe (Chrono Boost)  
  19  1:38  Assimilator  
  20  1:44  Probe (Chrono Boost)  
  21  1:54  Pylon  
  21  1:55  Probe (Chrono Boost)  
  22  2:05  Probe (Chrono Boost)  
  23  2:10  Warp Gate  
  23  2:12  Adept (Chrono Boost)  
  25  2:16  Probe  
  26  2:26  Stargate  
  26  2:28  Probe  
  27  2:32  Probe  
  27  2:37  Adept (Chrono Boost)  
  30  2:41  Probe  
  30  2:43  Probe  
  32  2:53  Probe (Chrono Boost)  
  32  2:55  Probe (Chrono Boost)  
  34  3:04  Probe (Chrono Boost)  
  34  3:05  Probe (Chrono Boost)  
  35  3:08  Gateway  
  35  3:11  Oracle (Chrono Boost)  
  39  3:14  Probe  
  39  3:15  Probe  
  41  3:20  Gateway  
  41  3:27  Adept  
  41  3:28  Probe  
  41  3:29  Probe  
  45  3:38  Probe, Pylon  
  46  3:43  Pylon  
  46  3:55  Probe  
  46  3:56  Probe  
  46  3:57  Oracle (Chrono Boost)  
  51  4:05  Probe  
  51  4:09  Probe  
  53  4:11  Nexus  
  53  4:16  Adept x3  
  59  4:20  Pylon  
  59  4:21  Probe  
  59  4:22  Probe  
  61  4:29  Pylon  
  61  4:31  Probe  
  62  4:39  Mothership Core, Phoenix (Chrono Boost)  
  62  4:42  Probe  
  67  4:45  Assimilator  
  67  4:47  Assimilator  
  67  4:52  Probe  
  67  4:55  Robotics Facility  
  66  5:00  Probe  
  67  5:08  Probe  
  67  5:12  Forge, Probe  
  67  5:14  Twilight Council  
  64  5:18  Probe  
  62  5:24  Probe  
  62  5:28  Probe  
  57  5:29  Probe  
  57  5:30  Oracle (Chrono Boost)  
  57  5:32  Protoss Ground Weapons Level 1  
  62  5:36  Probe  
  62  5:38  Probe, Adept x3  
  62  5:40  Probe, Warp Prism (Chrono Boost)  
  71  5:48  Probe  
  71  5:49  Probe  
  74  5:52  Probe  
  76  5:58  Charge (Chrono Boost)  
  76  6:00  Probe  
  76  6:01  Probe  
  76  6:02  Assimilator  
  78  6:04  Probe  
  78  6:05  Sentry, Gateway  
  78  6:06  Gateway, Assimilator  
  78  6:09  Gateway  
  81  6:12  Probe, Pylon  
  81  6:13  Probe  
  81  6:17  Probe  
  84  6:22  Observer  
  84  6:23  Sentry  
  84  6:25  Probe x2  
  88  6:29  Probe  
  90  6:40  Immortal  
  90  6:43  Probe  
  90  6:46  Gateway  
  95  6:47  Gateway  
  95  6:58  Nexus  
  95  7:00  Pylon  
  93  7:02  Pylon  
  93  7:11  Templar Archives  
  93  7:12  Probe x2  
  95  7:16  Gateway x2  
  95  7:17  Immortal  
  99  7:25  Robotics Facility  
  99  7:29  Zealot x6  
  105  7:50  Zealot x6  
  109  7:55  Zealot x2  
Tags
 
Add a new tag
Caveats
  • Supply blocks, unpowered buildings, or Contaminate may cause inaccurate times.
  • Supply counts are checked every 10 seconds.